 Dungeon Crawl Stone Soup version 0.20.1-1-g8b1a95d (webtiles) character file.

249 Plasmagod the Shield-Bearer (level 6, -4/38 HPs)
             Began as a Gargoyle Fighter on Jan 3, 2018.
             Killed by divine providence
             ... invoked by an orc priest
              (14 damage)
             ... on level 3 of the Dungeon.
             The game lasted 00:09:19 (1924 turns).

Plasmagod the Shield-Bearer (Gargoyle Fighter)      Turns: 1924, Time: 00:09:19

Health: -4/38      AC: 11    Str: 19    XL:     6   Next: 12%
Magic:  6/6        EV:  8    Int: 10    God:
Gold:   98         SH:  9    Dex: 10    Spells: 5/5 levels left

rFire    . . .     SeeInvis +   a - +0 flail
rCold    . . .     Gourm    .   c - +0 shield
rNeg     + . .     Faith    .   b - +0 scale mail
rPois    ∞         Spirit   .   (no helmet)
rElec    +         Reflect  .   (no cloak)
rCorr    .         Harm     .   (no gloves)
MR       .....                  (no boots)
Stlth    ..........             (no amulet)
Regen    0.2/turn               j - ring of see invisible
MPRegen  0.1/turn               (no ring)

@: no status effects
A: negative energy resistance 1, electricity resistance, unbreathing,
petrification resistance, rot immunity, AC +4
a: no special abilities


You were on level 3 of the Dungeon.
You were not hungry.

You visited 1 branch of the dungeon, and saw 3 of its levels.

You collected 98 gold pieces.

Inventory:

Hand Weapons
 a - a +0 flail (weapon)
Armour
 b - a +0 scale mail (worn)
 c - a +0 shield (worn)
Jewellery
 j - a ring of see invisible (left hand)
Scrolls
 g - a scroll of remove curse
 i - 2 scrolls of enchant weapon {unknown}
 l - a scroll of identify {unknown}
 o - a scroll of recharging {unknown}
 p - a scroll of enchant armour {unknown}
 q - a scroll of magic mapping {unknown}
 r - a scroll of noise {unknown}
Potions
 e - a potion of brilliance {unknown}
 h - a potion of curing
 s - a potion of cancellation {unknown}
Comestibles
 d - a chunk of flesh
 f - a bread ration
 m - 2 fruits
 n - a royal jelly
 t - a meat ration


   Skills:
 + Level 4.1 Fighting
 + Level 3.9 Maces & Flails
 + Level 4.1 Armour
 + Level 1.4 Dodging
 + Level 1.0 Stealth
 + Level 4.2 Shields


You had 5 spell levels left.
You didn't know any spells.

Dungeon Overview and Level Annotations

Branches:
Dungeon (3/15)

Altars:


Innate Abilities, Weirdness & Mutations

You are resistant to torment.
Your stone body is resilient. (AC +4)
You are immune to poison.
You resist negative energy. (rN+)
You are resistant to electric shocks. (rElec)
You can survive without breathing.
You are immune to petrification.
You are immune to rotting.


Message History

You barely miss the adder.
The adder is lightly wounded.
The adder completely misses you.
You miss the adder.
The adder is lightly wounded.
The adder closely misses you. You block the adder's attack.
You completely miss the adder.
The adder is lightly wounded.
The adder barely misses you.
The orc priest calls down the wrath of Beogh upon you.
Beogh smites you!
* * * LOW HITPOINT WARNING * * *
The adder barely misses you.
You see here a ring of see invisible.
The adder bites you.
* * * LOW HITPOINT WARNING * * *
You block the adder's attack.
The orc priest mumbles some strange prayers to Beogh against you.
Beogh smites you!
You die...

########### #.#
.........# #.#
........+ #.#
.......##### #.#
..... ...# #.#
oo...###.######.#
#o#.............#
#.###..#.########
#o######@#
#..oo.S..#
##########


You could see an orc priest, an adder and an orc.

Vanquished Creatures
  Sigmund (D:2)
  3 gnolls (D:2)
  2 adders (D:2)
  2 leopard geckos
  10 bats
  5 giant cockroaches (D:2)
  8 hobgoblins
  A ball python (D:3)
  A frilled lizard (D:2)
  4 goblins
  4 kobolds
  A rat (D:1)
42 creatures vanquished.

Notes
Turn   | Place    | Note
-------+----------+-------------------------------------------
     0 | D:1      | Plasmagod the Gargoyle Fighter began the quest for the Orb.
     0 | D:1      | Reached XP level 1. HP: 14/14 MP: 1/1
   184 | D:1      | Reached XP level 2. HP: 19/19 MP: 2/2
   883 | D:2      | Reached XP level 3. HP: 14/23 MP: 3/3
   909 | D:2      | Reached XP level 4. HP: 16/29 MP: 4/4
  1342 | D:2      | Reached skill level 1 in Dodging
  1481 | D:2      | Noticed Sigmund
  1501 | D:2      | Killed Sigmund
  1501 | D:2      | Reached skill level 1 in Stealth
  1501 | D:2      | Reached XP level 5. HP: 5/33 MP: 5/5
  1501 | D:2      | Reached XP level 6. HP: 6/38 MP: 6/6
  1924 | D:3      | Killed from afar by an orc priest

Skill      XL: |  1  2  3  4 |
---------------+-------------+-----
Dodging        | 1 |  1.4
Fighting       | 4 |  4.1
Maces & Flails | 3 |  3.9
Armour         | 4 |  4.1
Stealth        | 1 |  1.0
Shields        | 4 |  4.2

Action                   |  1- 3 |  4- 6 || total
-------------------------+-------+-------++-------
Melee: Flail             |   104 |    77 ||   181
  Use: Potion            |     1 |     1 ||     2
       Scroll            |     1 |       ||     1
  Eat: Chunk             |       |     4 ||     4
Armor: Scale mail        |    78 |    35 ||   113
Dodge: Dodged            |    41 |    19 ||    60
Block: Shield            |    76 |    30 ||   106
